[Event "Titled Tuesday Blitz June 20 Late 2023"]
[White "Rios Escobar, Adan"]
[Black "Navia Alvarez, Edwin Adrian"]
[WhiteFideId "3403645"]
[BlackFideId "4402898"]
[WhiteElo "2470"]
[BlackElo "1992"]
[Result "1-0"]
[Round "4"]
[TimeControl "180+2"]
[Date "2023.06.20"]
[WhiteClock "0:00:12"]
[BlackClock "0:00:14"]
[Board "144"]

1. d4 Nf6 2. g3 d5 3. Nf3 e6 4. Bg2 Be7 5. O-O O-O 6. c4 c6 7. Qc2 b6 8. Rd1 Bb7 9. b3 Nbd7 10. Nc3 Rc8 11. e4 dxe4 12. Nxe4 Nxe4 13. Qxe4 Nf6 14. Qe2 Qc7 15. Bf4 Bd6 16. Bxd6 Qxd6 17. c5 bxc5 18. Qe5 Qxe5 19. dxe5 Nd5 20. Ng5 Ba6 21. Ne4 Rb8 22. Nxc5 Bc8 23. Rac1 Rb6 24. Rd2 a5 25. Na4 Rb4 26. Rxc6 Bd7 27. Rd6 Bxa4 28. Bxd5 exd5 29. bxa4 Rxa4 30. R6xd5 h6 31. R5d4 Ra3 32. R4d3 Ra4 33. Rf3 Re8 34. Rd7 Rxe5 35. Rfxf7 Rg5 36. h4 Rgg4 37. Kg2 Rxa2 38. Kh3 Rg6 39. h5 Rg5 40. f4 Rxh5+ 41. Kg4 Rd5 42. Rxg7+ Kf8 43. Rh7 Rxd7 44. Rxd7 Ra3 45. Rh7 Kg8 46. Rxh6 Kg7 47. Ra6 Kf7 48. Kh4 Kg7 49. g4 Ra4 50. Kg5 Kf7 51. f5 Ke7 52. Ra7+ Kd6 53. Kh5 Ra1 54. Kg6 a4 55. f6 a3 56. f7 1-0


[Site "https://www.chess.com"]

[Event "Titled Tuesday Blitz June 20 Late 2023"]
[White "Palacio,Igor Da Paz"]
[Black "Mattheii"]
[WhiteFideId "2121140"]
[WhiteElo "2126"]
[BlackElo "2470"]
[Result "0-1"]
[Round "4"]
[TimeControl "180+2"]
[Date "2023.06.20"]
[WhiteClock "0:00:00"]
[BlackClock "0:00:03"]
[Board "145"]

1. e4 c5 2. Nc3 Nc6 3. g3 g6 4. Bg2 Bg7 5. d3 e6 6. Be3 d6 7. f4 Nge7 8. Nf3 O-O 9. O-O Rb8 10. a3 b5 11. Rb1 a5 12. Ne2 b4 13. axb4 axb4 14. h3 f5 15. e5 Nd5 16. Bf2 dxe5 17. Bxc5 Rf7 18. fxe5 Nxe5 19. Nxe5 Bxe5 20. Nf4 Nxf4 21. gxf4 Bd4+ 22. Bxd4 Qxd4+ 23. Kh2 Bb7 24. Bxb7 Rbxb7 25. Qe2 Rfe7 26. Qe5 Qxe5 27. fxe5 Rbc7 28. Rf2 Red7 29. Rd1 Rd4 30. Kg3 g5 31. Kf3 Kf7 32. Ke3 Rh4 33. Rf3 Rxc2 34. Rd2 Rxd2 35. Kxd2 h5 36. Ke3 g4 37. hxg4 hxg4 38. Rf1 Rh2 39. Rb1 Kg6 40. Kf4 Rf2+ 41. Ke3 Rf3+ 42. Ke2 Rh3 43. d4 f4 44. Kd2 Kf5 45. Re1 Rh2+ 46. Kd3 Rxb2 47. d5 exd5 48. e6 Rb3+ 49. Kd4 Ra3 50. e7 Ra8 51. e8=Q Rxe8 52. Rxe8 g3 53. Kxd5 g2 54. Rf8+ Kg4 55. Ke4 b3 0-1


[Site "https://www.chess.com"]

[Event "Titled Tuesday Blitz June 20 Late 2023"]
[White "a-z30"]
[Black "Pinero Rodriguez, Carlos Jose"]
[BlackFideId "3901726"]
[WhiteElo "2466"]
[BlackElo "2146"]
[Result "0-1"]
[Round "4"]
[TimeControl "180+2"]
[Date "2023.06.20"]
[WhiteClock "0:00:05"]
[BlackClock "0:02:16"]
[Board "146"]

1. c4 c5 2. Nf3 e6 3. e3 Nf6 4. d4 b6 5. Bd3 Bb7 6. Nc3 a6 7. O-O Qc7 8. b3 d6 9. Bb2 Nbd7 10. Rc1 Be7 11. Re1 O-O 12. d5 exd5 13. cxd5 b5 14. e4 Rfe8 15. Bb1 Bf8 16. Nh4 b4 17. Na4 Qd8 18. Qf3 Nxd5 19. Nf5 N5f6 20. Rcd1 Ne5 21. Qg3 g6 22. Nxd6 Bxd6 23. f4 Nh5 24. Qe3 Ng4 25. Qf3 Nxh2 26. Kxh2 Bxf4+ 27. Kg1 Qg5 28. e5 Bxf3 0-1


[Site "https://www.chess.com"]

[Event "Titled Tuesday Blitz June 20 Late 2023"]
[White "Krishnakumar, Sriram"]
[Black "Kostiukov, Alexandr"]
[WhiteFideId "30915856"]
[BlackFideId "14108100"]
[WhiteElo "2462"]
[BlackElo "2202"]
[Result "1-0"]
[Round "4"]
[TimeControl "180+2"]
[Date "2023.06.20"]
[WhiteClock "0:00:38"]
[BlackClock "0:00:00"]
[Board "147"]

1. e4 c5 2. Nf3 g6 3. c3 Bg7 4. d4 cxd4 5. cxd4 d5 6. e5 Nc6 7. Nc3 Bg4 8. Bb5 Nh6 9. h3 Bxf3 10. Qxf3 Nf5 11. Be3 O-O 12. Bxc6 bxc6 13. O-O Qb6 14. Na4 Qb4 15. Qd1 f6 16. a3 Qb5 17. exf6 Bxf6 18. Rc1 e5 19. Rc5 Qb7 20. dxe5 Nxe3 21. fxe3 Bxe5 22. b4 Rxf1+ 23. Qxf1 Rf8 24. Qd3 Qf7 25. Qe2 Qf5 26. Nc3 d4 27. Nd1 Qe4 28. Qc2 Qxc2 29. Rxc2 dxe3 30. Nxe3 Bd4 31. Re2 Re8 32. Kf2 Kf7 33. Kf3 Rxe3+ 34. Rxe3 Bxe3 35. Kxe3 Ke6 36. Ke4 g5 37. a4 a6 38. a5 h6 39. g3 Kd6 40. Kd4 Kd7 41. Kc5 Kc7 42. g4 1-0


[Site "https://www.chess.com"]

[Event "Titled Tuesday Blitz June 20 Late 2023"]
[White "Gabdushev, Ruslan"]
[Black "disciplinedbrat"]
[WhiteFideId "4137833"]
[WhiteElo "2233"]
[BlackElo "2245"]
[Result "0-1"]
[Round "4"]
[TimeControl "180+2"]
[Date "2023.06.20"]
[WhiteClock "0:00:00"]
[BlackClock "0:00:19"]
[Board "148"]

1. b3 b6 2. Bb2 Bb7 3. e3 e6 4. f4 Nf6 5. Nf3 Be7 6. Be2 d6 7. O-O c5 8. a4 Nbd7 9. a5 bxa5 10. Qe1 O-O 11. Qg3 d5 12. d3 d4 13. Nbd2 Qc7 14. Nc4 dxe3 15. Nfe5 Bd5 16. Nxd7 Qxd7 17. Nxe3 Rfd8 18. Rxa5 g6 19. f5 exf5 20. Rxf5 Qe6 21. Nxd5 Rxd5 22. Rf2 Nh5 23. Qc7 Bd6 24. Qb7 Rb8 25. Qxa7 Nf4 26. Bf1 Rg5 27. g3 Qe1 28. Rxf4 Bxf4 29. Kg2 Rxg3+ 0-1


[Site "https://www.chess.com"]

[Event "Titled Tuesday Blitz June 20 Late 2023"]
[White "Florianovitz, Derlei Alex"]
[Black "Yurasova, Daria"]
[WhiteFideId "2114178"]
[BlackFideId "34146919"]
[WhiteElo "1953"]
[BlackElo "2109"]
[Result "0-1"]
[Round "4"]
[TimeControl "180+2"]
[Date "2023.06.20"]
[WhiteClock "0:00:04"]
[BlackClock "0:00:10"]
[Board "149"]

1. e4 e5 2. Nf3 Nc6 3. Bb5 a6 4. Ba4 d6 5. O-O Nf6 6. Re1 Bd7 7. c3 g6 8. h3 Bg7 9. d4 O-O 10. Nbd2 Re8 11. d5 Ne7 12. Bc2 c6 13. c4 b5 14. b3 a5 15. dxc6 Bxc6 16. Ba3 b4 17. Bb2 Nd7 18. Nf1 Nc5 19. Qd2 f5 20. Ng5 h6 21. Nf3 Nxe4 22. Bxe4 Bxe4 23. Rad1 Bxf3 24. gxf3 Ra6 25. f4 Qc7 26. Ne3 Qc5 27. Nd5 Nxd5 28. Qxd5+ Qxd5 29. Rxd5 e4 30. Bxg7 Kxg7 31. Red1 Re6 32. c5 dxc5 33. Rxc5 Rec6 34. Rd7+ Kf6 35. Rcd5 a4 36. Rh7 Rd6 37. Rb5 Rab6 38. bxa4 Rxb5 39. axb5 Rb6 40. Rxh6 Rxb5 41. h4 Kg7 0-1


[Site "https://www.chess.com"]

[Event "Titled Tuesday Blitz June 20 Late 2023"]
[White "Kopacz, Grzegorz"]
[Black "Balla, Tamas-Kristof"]
[WhiteFideId "1109880"]
[BlackFideId "1208497"]
[WhiteElo "2037"]
[BlackElo "2334"]
[Result "0-1"]
[Round "4"]
[TimeControl "180+2"]
[Date "2023.06.20"]
[WhiteClock "0:00:18"]
[BlackClock "0:00:39"]
[Board "150"]

1. e4 c5 2. Nf3 Nc6 3. d4 cxd4 4. Nxd4 e5 5. Nb5 d6 6. N1c3 a6 7. Na3 b5 8. Nd5 Nge7 9. c4 Nxd5 10. exd5 Nd4 11. cxb5 Bd7 12. bxa6 Qa5+ 13. Bd2 Qxd5 14. Rc1 Be7 15. f3 Bh4+ 16. g3 Nxf3+ 17. Kf2 Nxd2 18. Bg2 Qd4+ 19. Ke1 Qe3+ 20. Qe2 Nf3+ 21. Bxf3 Qxc1+ 22. Kf2 Qc5+ 23. Kg2 Bc6 24. gxh4 O-O 25. Rf1 e4 26. Bg4 f5 27. Bh3 f4 28. Qc4+ Qxc4 29. Nxc4 e3+ 30. Kg1 e2 31. Re1 f3 32. Kf2 Rxa6 33. Nxd6 Bd5 34. Nf5 Be6 35. Ne7+ Kh8 36. Bxe6 Rxe6 37. Nd5 Rd6 38. Ne3 Rd2 39. b4 Rxa2 40. Rb1 h6 41. b5 e1=Q+ 42. Kxe1 Re2+ 43. Kf1 Rxe3 44. b6 Rb8 45. b7 Re7 46. Kf2 Rexb7 47. Kxf3 Rxb1 0-1


[Site "https://www.chess.com"]

[Event "Titled Tuesday Blitz June 20 Late 2023"]
[White "SergioMoralesG"]
[Black "Taranenko, Evgueniy"]
[BlackFideId "14122138"]
[WhiteElo "2446"]
[BlackElo "2101"]
[Result "0-1"]
[Round "4"]
[TimeControl "180+2"]
[Date "2023.06.20"]
[WhiteClock "0:00:03"]
[BlackClock "0:01:17"]
[Board "151"]

1. e4 e6 2. d4 d5 3. Nc3 Nf6 4. e5 Nfd7 5. f4 c5 6. Nf3 Nc6 7. Be3 Qb6 8. a3 Be7 9. Na4 Qa5+ 10. c3 c4 11. b4 cxb3 12. Qxb3 O-O 13. Bd3 b6 14. Qc2 g6 15. O-O Ba6 16. Nb2 Rac8 17. Bd2 Bxd3 18. Qxd3 f6 19. c4 dxc4 20. Qxc4 Qd5 21. Qxd5 exd5 22. e6 Ndb8 23. g4 f5 24. g5 Rfe8 25. Rfe1 Bd6 26. Nd3 Re7 27. Re2 Rce8 28. Rae1 Nd8 29. Nb4 Bxb4 30. Bxb4 Rxe6 31. Rxe6 Rxe6 32. Ne5 Nbc6 33. Rc1 Nxd4 34. Rc8 Re8 35. Be7 Rxe7 36. Rxd8+ Kg7 37. Rxd5 Ne2+ 38. Kf2 Nxf4 39. Rd8 Rxe5 40. Rd7+ Kg8 41. Rxa7 Ne6 42. h4 Re4 43. Rb7 Rxh4 44. Rxb6 Nxg5 45. Rb8+ Kg7 46. Ra8 Kh6 47. a4 Rh3 48. a5 Ra3 49. a6 Ne4+ 50. Kg2 Kg5 51. a7 h5 52. Kh2 h4 53. Kg2 h3+ 54. Kh2 Kg4 55. Kh1 Ra1+ 56. Kh2 Ng3 0-1


[Site "https://www.chess.com"]

[Event "Titled Tuesday Blitz June 20 Late 2023"]
[White "Seletsky, Grigory"]
[Black "Vila Dupla, Aurelio"]
[WhiteFideId "14112191"]
[BlackFideId "2203383"]
[WhiteElo "2491"]
[BlackElo "2009"]
[Result "1/2-1/2"]
[Round "4"]
[TimeControl "180+2"]
[Date "2023.06.20"]
[WhiteClock "0:00:10"]
[BlackClock "0:00:06"]
[Board "152"]

1. d4 Nf6 2. Nf3 g6 3. Bg5 Bg7 4. Nbd2 d5 5. c3 O-O 6. e3 b6 7. h3 c5 8. Be2 Bb7 9. O-O Nc6 10. a3 h6 11. Bh4 Qc7 12. Bg3 Qd8 13. Qb1 Nd7 14. Rd1 e5 15. dxe5 Ncxe5 16. Nc4 Qe7 17. Ncxe5 Nxe5 18. Nxe5 Bxe5 19. Bxe5 Qxe5 20. Bf3 Rad8 21. Rd2 Ba8 22. Qd1 Rd6 23. Qa4 Qe7 24. Rad1 Rfd8 25. b4 Bc6 26. Qb3 Qd7 27. Qb2 Ba4 28. Rc1 d4 29. cxd4 cxd4 30. exd4 Rxd4 31. Rxd4 Qxd4 32. Qxd4 Rxd4 33. Rc3 Bb5 34. Kh2 Kg7 35. Kg3 Rd3 36. Rxd3 Bxd3 37. Kf4 Kf6 38. h4 g5+ 39. hxg5+ hxg5+ 40. Ke3 Bb5 41. Kd4 Ke6 42. Bd5+ Ke7 43. g3 f6 44. f4 gxf4 45. gxf4 Kd6 46. Bb3 Be2 47. Ke4 Bg4 48. Bc4 a5 49. Kd4 axb4 50. axb4 Bf3 51. Ke3 Bc6 52. Kf2 Bd5 53. Bd3 Bc6 54. Bc4 Bd5 55. Bd3 Bb3 56. Be4 Bd5 57. Ke3 Bc4 58. Kd4 Be2 59. Bf5 Bf3 60. Bd3 Bd5 61. Bb5 Bf3 62. Bc4 Bc6 63. Ke3 Bg2 64. Bf7 Bd5 65. Bg6 Bg2 66. Kd4 Bd5 67. Bf5 Bf3 68. Kc4 Bc6 69. Bg6 Bd7 70. Bf7 Bc6 71. Kd4 Bd7 72. Ke3 Bf5 73. Kd4 Bd7 74. Bg8 Bf5 75. Bc4 Bd7 76. Ke4 Bg4 77. Bd3 Bd7 78. Kd4 Be6 79. Be4 Bd7 80. Bd5 Bf5 81. Bf3 Bd7 82. Bd5 Bf5 83. Bf3 Bd7 84. Be4 Be6 85. Bf3 Bd7 1/2-1/2


[Site "https://www.chess.com"]

[Event "Titled Tuesday Blitz June 20 Late 2023"]
[White "Quirke, Jeffrey"]
[Black "Nikologorsky, Matfei"]
[WhiteFideId "2013029"]
[BlackFideId "24102474"]
[WhiteElo "2210"]
[BlackElo "2153"]
[Result "0-1"]
[Round "4"]
[TimeControl "180+2"]
[Date "2023.06.20"]
[WhiteClock "0:00:00"]
[BlackClock "0:01:11"]
[Board "153"]

1. e4 c5 2. Nc3 e6 3. Nge2 a6 4. a4 Nc6 5. g3 d5 6. exd5 exd5 7. d4 Nf6 8. Bg2 Be6 9. O-O Bd6 10. dxc5 Bxc5 11. Bg5 O-O 12. Nf4 d4 13. Ne4 Be7 14. Nxe6 fxe6 15. Qe2 Nxe4 16. Bxe7 Qxe7 17. Qxe4 Rac8 18. Rae1 Rfe8 19. Re2 e5 20. f4 Qc5 21. Qd5+ Qxd5 22. Bxd5+ Kh8 23. Bxc6 Rxc6 24. Rxe5 Rxe5 25. fxe5 Kg8 26. Rf2 Rc5 27. Rd2 Rxe5 28. Rxd4 Re7 29. Kf2 Kf7 30. a5 Rc7 31. c4 Ke6 32. b4 Rf7+ 33. Ke3 Rf1 34. Rd8 Rb1 35. Rg8 Kf7 36. Rb8 Rxb4 37. Kd4 Ke6 38. Rg8 Kf7 39. Rb8 h5 40. Kd5 g5 41. c5 Rb5 42. Kd6 Kf6 43. Rf8+ Kg6 44. Rg8+ Kf5 45. Rf8+ Kg4 46. Rh8 Rxa5 47. Kc7 Rb5 48. Kd6 a5 49. Ra8 Kh3 50. Ke5 Kxh2 51. Kf6 Kxg3 0-1


[Site "https://www.chess.com"]

[Event "Titled Tuesday Blitz June 20 Late 2023"]
[White "Calhoun, Luke"]
[Black "Kaplan, Avi Harrison"]
[WhiteFideId "2064421"]
[BlackFideId "30934559"]
[WhiteElo "2255"]
[BlackElo "1983"]
[Result "0-1"]
[Round "4"]
[TimeControl "180+2"]
[Date "2023.06.20"]
[WhiteClock "0:00:11"]
[BlackClock "0:00:19"]
[Board "154"]

1. e4 b6 2. c4 Bb7 3. Nc3 e6 4. d4 Bb4 5. Bd3 f5 6. f3 fxe4 7. fxe4 Bxc3+ 8. bxc3 Bxe4 9. Qh5+ g6 10. Qe5 Bxd3 11. Qxh8 Qh4+ 12. Kd2 Bxc4 13. Qxg8+ Ke7 14. Qg7+ Ke8 15. Nh3 Qe4 16. Qh8+ Ke7 17. Qxh7+ Ke8 18. Qg8+ Ke7 19. Ba3+ d6 20. Qg7+ Ke8 21. Qg8+ Ke7 22. Qg7+ Ke8 23. Qg8+ Kd7 24. Qf7+ Kc8 25. Qf3 Qh4 26. Qxa8 d5 27. Rae1 Qg4 28. Rhg1 Qf5 29. Re3 g5 30. Rf3 Qg6 31. Re1 g4 32. Rf8+ Kd7 33. Qxb8 Qd3+ 34. Kc1 Qxc3+ 35. Kb1 Bd3# 0-1


[Site "https://www.chess.com"]

[Event "Titled Tuesday Blitz June 20 Late 2023"]
[White "Sainz Aguirre, Ignacio"]
[Black "Jonkman, Harmen"]
[WhiteFideId "5101727"]
[BlackFideId "1002708"]
[WhiteElo "1889"]
[BlackElo "2368"]
[Result "0-1"]
[Round "4"]
[TimeControl "180+2"]
[Date "2023.06.20"]
[WhiteClock "0:00:34"]
[BlackClock "0:01:28"]
[Board "155"]

1. e4 e5 2. Nf3 Nc6 3. Bc4 Bc5 4. O-O Nf6 5. d3 h6 6. c3 d6 7. Re1 Bb6 8. Nbd2 O-O 9. h3 a6 10. a4 Kh8 11. b4 Nh7 12. Nf1 f5 13. Be3 Bxe3 14. Rxe3 Qf6 15. Ra2 Bd7 16. N3h2 Ng5 17. b5 axb5 18. axb5 Rxa2 19. Bxa2 Na7 20. c4 fxe4 21. Ng4 Bxg4 0-1


[Site "https://www.chess.com"]

[Event "Titled Tuesday Blitz June 20 Late 2023"]
[White "Paulsen, Dirk"]
[Black "Sailer, Mike"]
[WhiteFideId "4601343"]
[BlackFideId "2012901"]
[WhiteElo "2339"]
[BlackElo "2109"]
[Result "1/2-1/2"]
[Round "4"]
[TimeControl "180+2"]
[Date "2023.06.20"]
[WhiteClock "0:00:56"]
[BlackClock "0:00:25"]
[Board "156"]

1. d4 d5 2. c4 c6 3. Nf3 Nf6 4. e3 a6 5. Bd3 Bg4 6. h3 Bh5 7. g4 Bg6 8. Nc3 e6 9. Ne5 Bxd3 10. Qxd3 Nbd7 11. f4 Be7 12. Bd2 Nxe5 13. fxe5 dxc4 14. Qxc4 Nd5 15. O-O Nxc3 16. bxc3 O-O 17. Rf3 Qd5 18. Qe2 c5 19. e4 Qc6 20. Raf1 Rad8 21. Qf2 cxd4 22. cxd4 Rxd4 23. Rxf7 Rdd8 24. Bg5 Bc5 25. Be3 Bxe3 26. Rxf8+ Rxf8 27. Qxe3 Rxf1+ 28. Kxf1 Qc4+ 29. Kg1 Qxa2 30. Qd4 h6 31. g5 Qb1+ 32. Kh2 Qc2+ 33. Kg3 hxg5 34. Qd7 Qxe4 35. Qe8+ Kh7 36. Qh5+ Kg8 37. Qe8+ Kh7 38. Qh5+ Kg8 39. Qe8+ 1/2-1/2


[Site "https://www.chess.com"]

[Event "Titled Tuesday Blitz June 20 Late 2023"]
[White "Gyulamiryan-koryun"]
[Black "KorolDimitriy75"]
[WhiteElo "1881"]
[BlackElo "2423"]
[Result "0-1"]
[Round "4"]
[TimeControl "180+2"]
[Date "2023.06.20"]
[WhiteClock "0:00:15"]
[BlackClock "0:00:15"]
[Board "157"]

1. e4 c5 2. Be2 g6 3. f4 Bg7 4. c3 Nc6 5. Nf3 d5 6. e5 d4 7. O-O f6 8. Bb5 Bd7 9. Bxc6 Bxc6 10. e6 f5 11. c4 d3 12. Nc3 Nf6 13. Ne5 O-O 14. Nf7 Qd4+ 15. Kh1 Qxc4 16. Ng5 h6 17. Nf3 Qxe6 18. Re1 Ne4 19. Qb3 Qxb3 20. axb3 a6 21. Ne5 Bxe5 22. fxe5 Kf7 23. Kg1 Ke6 24. Re3 Rad8 25. Nd1 f4 26. Rh3 h5 27. Nf2 Nxf2 28. Kxf2 Rf5 29. b4 c4 30. b3 Rxe5 31. Bb2 Re2+ 32. Kf1 Bxg2+ 33. Kg1 Bxh3 34. bxc4 f3 35. Rf1 f2+ 36. Rxf2 Re1+ 37. Rf1 Rxf1# 0-1


[Site "https://www.chess.com"]

[Event "Titled Tuesday Blitz June 20 Late 2023"]
[White "Carrasco Miranda, Andres"]
[Black "Vargas, Mauricio"]
[WhiteFideId "3405990"]
[BlackFideId "4404572"]
[WhiteElo "2183"]
[BlackElo "1986"]
[Result "1-0"]
[Round "4"]
[TimeControl "180+2"]
[Date "2023.06.20"]
[WhiteClock "0:00:21"]
[BlackClock "0:00:00"]
[Board "158"]

1. d4 d5 2. c4 c6 3. Nf3 e6 4. e3 Nf6 5. b3 Nbd7 6. Bd3 Bd6 7. Bb2 O-O 8. O-O Re8 9. Ne5 Nf8 10. Nd2 N6d7 11. f4 f6 12. Qh5 fxe5 13. fxe5 Be7 14. Qf7+ Kh8 15. Rf3 Bg5 16. Raf1 Qe7 17. Qh5 Bh6 18. h4 b6 19. Rf7 Bxe3+ 20. Kh1 Bxd2 21. Rxe7 Rxe7 22. Ba3 Re8 23. Bxf8 Bh6 24. Qxe8 1-0


[Site "https://www.chess.com"]

[Event "Titled Tuesday Blitz June 20 Late 2023"]
[White "Grabs, Peter"]
[Black "Herrera, Juan Sebastian"]
[WhiteFideId "16203887"]
[BlackFideId "4403266"]
[WhiteElo "1671"]
[BlackElo "2255"]
[Result "0-1"]
[Round "4"]
[TimeControl "180+2"]
[Date "2023.06.20"]
[WhiteClock "0:01:52"]
[BlackClock "0:02:09"]
[Board "159"]

1. e4 Nf6 2. e5 Nd5 3. d4 d6 4. c4 Nb6 5. f4 Bf5 6. Nc3 e6 7. Nf3 dxe5 8. fxe5 Nc6 9. Bg5 Qd7 10. Bd3 Nxd4 11. Bxf5 Nxf5 12. Qxd7+ Nxd7 13. O-O-O f6 14. exf6 gxf6 15. Bf4 O-O-O 16. g4 Nd6 17. Nd4 e5 18. Ne6 exf4 19. Nxd8 Kxd8 20. Rhf1 Bh6 21. Kc2 Nxc4 22. b3 Ne3+ 0-1


[Site "https://www.chess.com"]

[Event "Titled Tuesday Blitz June 20 Late 2023"]
[White "Buscar, Michael"]
[Black "Fedotov, Nikita"]
[WhiteFideId "2603616"]
[BlackFideId "24161446"]
[WhiteElo "2010"]
[BlackElo "2211"]
[Result "1-0"]
[Round "4"]
[TimeControl "180+2"]
[Date "2023.06.20"]
[WhiteClock "0:00:04"]
[BlackClock "0:00:00"]
[Board "160"]

1. d4 Nf6 2. c4 c5 3. d5 b5 4. cxb5 a6 5. bxa6 g6 6. g3 Bg7 7. Bg2 O-O 8. Nf3 d6 9. Nfd2 Nxa6 10. Nc3 Nb4 11. O-O Bf5 12. e4 Bc8 13. Nc4 Ba6 14. Qe2 Nd7 15. Bd2 Nb6 16. b3 Nc2 17. Rac1 Nd4 18. Qd3 e6 19. Rfd1 Kh8 20. Ne2 f5 21. Nxd4 Bxd4 22. Bc3 Nxc4 23. bxc4 Bxc3 24. Qxc3+ e5 25. f4 Re8 26. Re1 Qf6 27. Rc2 Bc8 28. Rce2 fxe4 29. Bxe4 Bg4 30. Rf2 Kg7 31. Ref1 Ra7 32. f5 g5 33. Bg2 Rea8 34. h3 Bh5 35. g4 Be8 36. Qb3 Ba4 37. Qb6 Bd7 38. Qb3 Kf7 39. Be4 Ke7 40. Bb1 Ra3 41. Qb7 R8a7 42. Qb6 R3a6 43. Qb8 Ra8 44. Qb2 Ra3 45. Rf3 R3a4 46. Rc1 h5 47. Rb3 hxg4 48. hxg4 Qh6 49. Qh2 Qg7 50. Rh3 Kd8 51. Rh8+ Kc7 52. Rh7 Qf6 53. Qh6 Qd8 54. Qe6 Ra3 55. f6 Rg3+ 56. Kf2 Rf3+ 57. Kxf3 Ra3+ 58. Kg2 Ra7 59. Bf5 Kb6 60. Rxd7 Qh8 61. Rxa7 Qh4 62. Qxd6+ 1-0


[Site "https://www.chess.com"]

[Event "Titled Tuesday Blitz June 20 Late 2023"]
[White "Shuvalov, Evgenij"]
[Black "Schut, Han"]
[WhiteFideId "4187237"]
[BlackFideId "1005561"]
[WhiteElo "2080"]
[BlackElo "2024"]
[Result "1/2-1/2"]
[Round "4"]
[TimeControl "180+2"]
[Date "2023.06.20"]
[WhiteClock "0:00:32"]
[BlackClock "0:00:17"]
[Board "161"]

1. d4 Nf6 2. c4 g6 3. Nc3 d5 4. cxd5 Nxd5 5. e4 Nxc3 6. bxc3 Bg7 7. Nf3 c5 8. Rb1 O-O 9. Be2 Nc6 10. d5 Ne5 11. Nxe5 Bxe5 12. Qd2 e6 13. f4 Bc7 14. O-O exd5 15. exd5 Ba5 16. d6 Bf5 17. Rxb7 Bb6 18. g4 Be4 19. Rxb6 axb6 20. f5 Qh4 21. Qh6 Qxh6 22. Bxh6 Rfd8 23. Rd1 f6 24. Bc4+ Kh8 25. fxg6 hxg6 26. Bf4 Bc6 27. g5 Kg7 28. h4 b5 29. Be6 Bd7 30. Bd5 Ra6 31. Kf2 Bg4 32. Rd2 Rdxd6 33. Bxd6 Rxd6 34. Ke3 fxg5 35. hxg5 c4 36. Bb7 Rb6 37. Be4 b4 38. Rb2 b3 39. axb3 cxb3 40. Bd5 Bd1 41. Kd4 Kf8 42. c4 Ke7 43. c5 Rb4+ 44. Kc3 Rg4 45. Bxb3 Bxb3 46. Rxb3 Rxg5 47. Kc4 Rg1 48. Kd5 Kf6 49. c6 Rd1+ 50. Kc5 Rc1+ 51. Kb6 g5 52. c7 g4 53. Kb7 Kf5 54. c8=Q+ Rxc8 55. Kxc8 Kf4 56. Kd7 g3 57. Rb8 g2 58. Rg8 Kf3 59. Ke6 Kf2 60. Ke5 g1=Q 61. Rxg1 Kxg1 1/2-1/2


[Site "https://www.chess.com"]

[Event "Titled Tuesday Blitz June 20 Late 2023"]
[White "Gerbelli Neto, Eduardo"]
[Black "Kielinkei"]
[WhiteFideId "2103281"]
[WhiteElo "2178"]
[BlackElo "2453"]
[Result "1/2-1/2"]
[Round "4"]
[TimeControl "180+2"]
[Date "2023.06.20"]
[WhiteClock "0:00:12"]
[BlackClock "0:00:13"]
[Board "162"]

1. e4 c5 2. Nc3 a6 3. f4 b5 4. Nf3 Bb7 5. d3 e6 6. g3 Nf6 7. Bg2 d5 8. e5 Nfd7 9. O-O Nc6 10. Qe2 Qb6 11. Kh1 Be7 12. f5 O-O-O 13. fxe6 fxe6 14. a4 b4 15. Nd1 Rhf8 16. c3 a5 17. c4 dxc4 18. dxc4 Nd4 19. Nxd4 cxd4 20. Nf2 Nc5 21. Bd2 d3 22. Qe3 Bxg2+ 23. Kxg2 Qc6+ 24. Kg1 Rf3 25. Qe1 Rdf8 26. Be3 Nb3 27. Rd1 d2 28. Qe2 Bc5 29. Bxc5 Qxc5 30. Kg2 Re3 31. Qg4 Qxe5 32. Nd3 Rxd3 33. Rxf8+ Kb7 34. Rf7+ Ka6 35. Qxg7 Qe2+ 36. Kh3 Qh5+ 37. Kg2 Qe2+ 38. Kh3 Qh5+ 39. Kg2 Qe2+ 1/2-1/2


[Site "https://www.chess.com"]

[Event "Titled Tuesday Blitz June 20 Late 2023"]
[White "Ward, Ieuan C"]
[Black "Ionescu, Mihai"]
[WhiteFideId "406627"]
[BlackFideId "1202499"]
[WhiteElo "2260"]
[BlackElo "2279"]
[Result "1/2-1/2"]
[Round "4"]
[TimeControl "180+2"]
[Date "2023.06.20"]
[WhiteClock "0:00:10"]
[BlackClock "0:00:22"]
[Board "163"]

1. d4 Nf6 2. c4 Nc6 3. d5 Ne5 4. Qd4 Ng6 5. e4 e5 6. dxe6 dxe6 7. Qxd8+ Kxd8 8. f3 Bc5 9. Nc3 Ke7 10. Bg5 h6 11. Bd2 Rd8 12. O-O-O Bd7 13. Nge2 a6 14. Nf4 Nxf4 15. Bxf4 Rac8 16. e5 Ne8 17. Bd3 Bc6 18. Be4 Bxe4 19. Nxe4 Ba7 20. h4 Rxd1+ 21. Rxd1 Rd8 22. Rxd8 Kxd8 23. g4 Ke7 24. h5 Bd4 25. b3 c6 26. Kc2 b5 27. Kd3 Bb6 28. g5 hxg5 29. Bxg5+ Kf8 30. b4 Ba7 31. Bd8 Bg1 32. Bg5 Ba7 33. cxb5 cxb5 34. Be3 Bxe3 35. Kxe3 Ke7 36. Nc5 Nc7 37. Ke4 Ke8 38. f4 Ke7 39. f5 exf5+ 40. Kxf5 Ke8 41. Kg5 Ke7 42. Kf5 Ke8 43. Kg5 Ke7 44. Kf5 1/2-1/2


[Site "https://www.chess.com"]

[Event "Titled Tuesday Blitz June 20 Late 2023"]
[White "Kornyukov, Alexey"]
[Black "FromTexas54"]
[WhiteFideId "4150457"]
[WhiteElo "2352"]
[BlackElo "2414"]
[Result "0-1"]
[Round "4"]
[TimeControl "180+2"]
[Date "2023.06.20"]
[WhiteClock "0:00:00"]
[BlackClock "0:00:10"]
[Board "164"]

1. d4 Nf6 2. c4 e6 3. Nc3 Bb4 4. f3 c5 5. d5 b5 6. e4 O-O 7. e5 Ne8 8. f4 d6 9. Nf3 dxe5 10. fxe5 exd5 11. cxd5 c4 12. a4 Bg4 13. axb5 Nd7 14. Bf4 Nc7 15. Bxc4 Nb6 16. Qd4 Bxf3 17. gxf3 Qh4+ 18. Ke2 Bxc3 19. bxc3 Ncxd5 20. Bxd5 Nxd5 21. Be3 Qd8 22. Rhd1 Nxe3 23. Qxd8 Rfxd8 24. Kxe3 Rdc8 25. Rd3 h5 26. Ra6 Rab8 27. Rxa7 Rxb5 28. h4 Rxe5+ 29. Kf4 Re6 30. Rad7 Rf6+ 31. Kg3 Rcc6 32. R7d5 g6 0-1


[Site "https://www.chess.com"]

[Event "Titled Tuesday Blitz June 20 Late 2023"]
[White "Melikhov, Evgeny V."]
[Black "Tarnowska, Aleksandra"]
[WhiteFideId "4122046"]
[BlackFideId "1180967"]
[WhiteElo "2158"]
[BlackElo "1776"]
[Result "1-0"]
[Round "4"]
[TimeControl "180+2"]
[Date "2023.06.20"]
[WhiteClock "0:00:22"]
[BlackClock "0:00:07"]
[Board "165"]

1. d4 d5 2. c4 e6 3. Nc3 Nf6 4. cxd5 exd5 5. Bg5 Be7 6. e3 h6 7. Bh4 O-O 8. Bd3 Bg4 9. Qb3 Nbd7 10. Qxb7 Rb8 11. Qxa7 Rxb2 12. Nge2 Bxe2 13. Nxe2 Bb4+ 14. Kf1 c5 15. Rb1 Rd2 16. Bb5 cxd4 17. Bxd7 Qxd7 18. Qxd7 Nxd7 19. Nxd4 Bc3 20. Be7 Re8 21. Nb5 Rxe7 22. Nxc3 Rc2 23. Nxd5 Re5 24. Nb4 Rd2 25. Ke1 Rd6 26. Ke2 Nc5 27. Rhd1 Rg6 28. g3 Kh7 29. Rd5 Rxd5 30. Nxd5 Na4 31. Rb4 Nb6 32. Rxb6 Rg5 33. e4 Re5 34. Kd3 f5 35. f3 fxe4+ 36. fxe4 Rh5 37. h4 Re5 38. Rb7 Re8 39. Nf6+ Kg6 40. Nxe8 Kh5 41. Nxg7+ Kg4 42. Nf5 Kh3 43. Nxh6 Kg2 44. g4 Kg3 45. g5 Kf4 46. g6 Ke5 47. g7 1-0


[Site "https://www.chess.com"]